 Dungeon Crawl Stone Soup version 0.28-a0-1395-g4f6bc678fa (webtiles) character file.

Game seed: 5156882624512803409

4995 pascalblue the Thaumaturge (level 10, -12/50 HPs)
             Began as a Deep Elf Fire Elementalist on Jan 4, 2022.
             Was a Follower of Vehumet.
             Shot with an arrow by a centaur warrior (21 damage)
             ... on level 9 of the Dungeon.
             The game lasted 00:45:00 (10862 turns).

pascalblue the Thaumaturge (DEFE)                  Turns: 10862, Time: 00:45:02

Health: -12/50     AC:  5    Str:  5    XL:     10   Next: 29%
Magic:  20/26      EV: 12    Int: 25    God:    Vehumet [*.....]
Gold:   439        SH:  0    Dex: 15    Spells: 10/29 levels left

rFire   . . .      SeeInvis .   B - staff of conjuration
rCold   + . .      Faith    .   (no shield)
rNeg    . . .      Spirit   .   a - +0 robe
rPois   .          Reflect  .   e - +0 helmet
rElec   +          Harm     .   (no cloak)
rCorr   .          Rampage  .   (no gloves)
Will    +....                   z - +1 pair of boots
Stlth   ++........              (no amulet)
HPRegen 0.16/turn               f - ring "Lotim" {rElec rF+}
MPRegen 0.20/turn               A - ring of ice

@: no status effects
A: no striking features
a: Renounce Religion


You were on level 9 of the Dungeon.
You worshipped Vehumet.
Vehumet was aware of your devotion.
You visited 2 branches of the dungeon, and saw 10 of its levels.
You also visited: Sewer.

You collected 439 gold pieces.

Inventory:

Hand Weapons
 g - a +1 antimagic spear
 m - a +1 dagger
 n - a +2 short sword of venom
 q - a +0 dagger of protection
 s - the +4 quarterstaff "Ysoamudu" {venom, rN+ rCorr Stlth-}
   (You found it in a sewer)

   It poisons the flesh of those it strikes.
   rN:        It protects you from negative energy.
   rCorr:     It protects you from acid and corrosion.
   Stlth:     It makes you less stealthy.
 y - a +0 falchion of holy wrath
 C - a +2 long sword of holy wrath
 N - a +0 vorpal scimitar
Missiles
 G - 7 poisoned darts (quivered)
Armour
 a - a +0 robe (worn)
 e - a +0 helmet (worn)
 z - a +1 pair of boots (worn)
 L - +0 acid dragon scales
Magical Staves
 r - a staff of earth
 v - a staff of cold
 B - a staff of conjuration (weapon)
Jewellery
 f - the ring "Lotim" (left hand) {rElec rF+}
   (You found it on level 4 of the Dungeon)

   [ring of protection from fire]

   rF:        It protects you from fire.
   rElec:     It insulates you from electricity.
 h - a ring of see invisible
 A - a ring of ice (right hand)
 I - a ring of protection from cold
Wands
 u - a wand of paralysis (5)
 w - a wand of iceblast (6)
Scrolls
 c - 5 scrolls of teleportation
 j - a scroll of identify
 x - a scroll of holy word
 F - 2 scrolls of magic mapping
 K - a scroll of vulnerability {unknown}
 M - a scroll of fog {unknown}
Potions
 b - a potion of magic
 d - a potion of ambrosia
 i - 2 potions of lignification
 k - 2 potions of flight
 l - 7 potions of mutation
 o - 2 potions of curing {unknown}
 p - 3 potions of brilliance {unknown}
 t - 3 potions of haste
 D - a potion of resistance {unknown}
 E - a potion of degeneration {unknown}
 J - a potion of might {unknown}


   Skills:
 - Level 2.4 Dodging
 - Level 2.4 Stealth
 * Level 10.4 Spellcasting
 * Level 8.9 Conjurations
 + Level 9.5 Fire Magic
 * Level 7.0 Ice Magic


You had 10 spell levels left.
You knew the following spells:

 Your Spells              Type           Power      Damage    Failure   Level
a - Foxfire               Conj/Fire      100%       2x1d9     1%          1
b - Scorch                Fire           100%       2d10      1%          2
c - Conjure Flame         Conj/Fire      73%        6-21      1%          3
d - Inner Flame           Hex/Fire       37%        N/A       1%          3
e - Flame Wave            Conj/Fire      73%        2d11      1%          4
f - Hailstorm             Conj/Ice       88%        3d18      1%          4
g - Magic Dart            Conj           100%       1d8       1%          1
h - Slow                  Hex            52%        N/A       4%          1

Your spell library contained the following spells:

 Spells                   Type           Power      Damage    Failure   Level
 Ice Form                 Ice/Tmut       46%        N/A       11%         4
 Confusing Touch          Hex            13%        N/A       14%         3
 Vampiric Draining        Necr           13%        2d6       14%         3
 Simulacrum               Ice/Necr       23%        N/A       86%         6


Dungeon Overview and Level Annotations

Branches:
Dungeon (9/15)             Temple (1/1) D:5           Sewer (visited)
   Lair: D:8-11         Orc: D:9-12

Altars:
Ashenzari
Cheibriados
Dithmenos
Fedhas
Gozag
Hepliaklqana
Kikubaaqudgha
Makhleb
Nemelex Xobeh
Okawaru
Qazlal
Ru
Trog
Uskayaw
Vehumet
Wu Jian
Xom
Zin
The Shining One

Shops:
D:1 (

Portals:
Abyss: D:5

Annotations:
D:5 2 transporters, wallyj24's ghost, novice GnFi


Message History

You kill the gnoll shaman!
Vehumet accepts your kill.
You start resting.
A killer bee comes into view.
You see here a +0 flail.
Things that are here:
a +0 whip; a +0 ring mail; a gnoll corpse HP restored.
There is an open door here.
Found 11 gold pieces.
A centaur warrior comes into view.
Found a scimitar and 14 bolts.
Found an iron wand and 7 gold pieces.
The centaur warrior wields a +0 shortbow.
The centaur warrior shoots an arrow.
The arrow hits you!
You hear a horrible gurgling sound!
You hear a shout!
Casting: Scorch (safe; 1% risk of failure)
Confirm with . or Enter, or press ? or * to list all spells.
Flames lash the centaur warrior.
The centaur warrior is lightly wounded.
The centaur warrior's fire resistance burns away.
The centaur warrior shoots an arrow.
The arrow closely misses you.
Casting: Scorch (safe; 1% risk of failure)
Confirm with . or Enter, or press ? or * to list all spells.
Flames lash the centaur warrior.
The centaur warrior is burned terribly!
The centaur warrior is heavily wounded.
You hear an angry buzzing noise.
The centaur warrior shoots an arrow.
The arrow hits you.
The centaur warrior shoots an arrow.
The arrow hits you!!
* * * LOW HITPOINT WARNING * * *
You hear a shout!
Casting: Scorch (safe; 1% risk of failure)
Confirm with . or Enter, or press ? or * to list all spells.
Flames lash the centaur warrior.
The centaur warrior is burned terribly!
The centaur warrior is severely wounded.
You hear a shout!
A cyan ugly thing comes into view.
The centaur warrior shoots an arrow.
The arrow hits you!!
You die...

#.....#. ####.....#.
..............#.
..............#.
..............## #
................ #.♣#
#...............
#.$.♣###..........##'
#♣..@.♣###........#..
#.cP....♣###......#..
#♣..♣P.....'##....#..
#u..P....♣###......###
...♣....♣###...........
./)....♣##
............. .$(#.♣#
............. ## ##
........##### ........#
#


You could see a cyan ugly thing and a centaur warrior (combustible).

Vanquished Creatures
  A two-headed ogre (D:8)
  A hornet (D:9)
  Grinder (D:3)
  A vampire (D:9)
  5 yaks (D:9)
  A wyvern (D:5)
  A steam dragon (D:9)
  An acid dragon (D:9)
  A water moccasin (D:6)
  4 orc warriors
  An ice beast (D:8)
  A black bear (D:5)
  4 ogres
  A necrophage (D:4)
  A centaur (D:7)
  A kobold brigand (D:7)
  4 bullfrogs
  A scorpion (D:5)
  A water moccasin skeleton (D:6)
  A wight (D:7)
  A howler monkey (D:6)
  2 centaur zombies
  A jelly (D:7)
  A centaur skeleton (D:6)
  A hound (D:6)
  3 orc priests
  A bullfrog zombie (D:5)
  2 bullfrog skeletons (D:5)
  A gnoll shaman (D:9)
  Jessica (D:2)
  2 iguanas
  8 orc wizards
  A howler monkey zombie (D:8)
  Robin (D:2)
  4 gnolls (D:6)
  12 adders
  2 white imps
  3 worms
  An adder skeleton (D:4)
  3 dart slugs
  21 orcs
  6 bats
  7 endoplasms
  12 giant cockroaches
  10 goblins
  6 hobgoblins
  10 kobolds
  10 quokkas
  20 ball pythons
  9 frilled lizards
  4 rats
199 creatures vanquished.

Vanquished Creatures (collateral kills)
  The ghost of Chroloform the Skirmisher, an amateur MiBe of Trog (D:3)
1 creature vanquished.

Vanquished Creatures (others)
  356 foxfires
356 creatures vanquished.

Grand Total: 556 creatures vanquished

Notes
Turn   | Place    | Note
-------+----------+-------------------------------------------
     0 | D:1      | pascalblue the Deep Elf Fire Elementalist began the quest
                  | for the Orb.
     0 | D:1      | Reached XP level 1. HP: 10/10 MP: 6/6
     4 | D:1      | Found Fiunepaf's Antique Weapon Boutique.
   354 | D:1      | Reached XP level 2. HP: 15/15 MP: 5/8
   796 | D:2      | Reached XP level 3. HP: 19/19 MP: 6/10
   799 | D:2      | Learned a level 2 spell: Scorch
   803 | D:2      | Learned a level 3 spell: Conjure Flame
   807 | D:2      | Learned a level 3 spell: Inner Flame
   977 | D:2      | Found a faded altar of an unknown god.
  1147 | D:2      | Noticed Jessica
  1170 | D:2      | Killed Jessica
  1171 | D:2      | Reached XP level 4. HP: 22/24 MP: 6/11
  1300 | D:2      | Reached skill level 4 in Spellcasting
  1414 | D:2      | Noticed Robin
  1441 | D:2      | Killed Robin
  1787 | D:3      | Reached skill level 5 in Fire Magic
  1862 | D:3      | Found a shadowy altar of Dithmenos.
  2089 | D:3      | Found a runed translucent door.
  2092 | D:3      | Noticed Chroloform's ghost (amateur MiBe)
  2124 | D:3      | Killed Chroloform's ghost
  2125 | D:3      | Reached XP level 5. HP: 9/28 MP: 1/14
  2614 | D:3      | Noticed Grinder
  2633 | D:3      | Paralysed by Grinder for 7 turns
  2660 | D:3      | Paralysed by Grinder for 2 turns
  2661 | D:3      | Killed Grinder
  2662 | D:3      | Reached skill level 5 in Spellcasting
  2662 | D:3      | Reached XP level 6. HP: 16/32 MP: 4/16
  2826 | D:3      | Learned a level 4 spell: Flame Wave
  3363 | D:4      | Identified the ring "Lotim" {rElec rF+}
  3564 | D:4      | Reached XP level 7. HP: 36/36 MP: 13/17
  3630 | D:4      | Found a glowing drain.
  3639 | Sewer    | Entered a sewer
  3921 | Sewer    | Reached skill level 6 in Spellcasting
  3921 | Sewer    | Identified the +4 quarterstaff "Ysoamudu" {venom, rN+ rCorr
                  | Stlth-}
  4475 | D:4      | Learned a level 4 spell: Hailstorm
  4513 | D:5      | Entered Level 5 of the Dungeon
  4570 | D:5      | Found a one-way gate to the infinite horrors of the Abyss.
  4570 | D:5      | Noticed wallyj24's ghost (novice GnFi)
  4580 | D:5      | Noticed a toenail golem
  4810 | D:5      | Reached skill level 1 in Ice Magic
  4816 | D:5      | Reached skill level 5 in Conjurations
  4991 | D:5      | Reached XP level 8. HP: 41/41 MP: 17/19
  5275 | D:5      | Found a transporter.
  5275 | D:5      | Found a transporter.
  5396 | D:5      | Found a staircase to the Ecumenical Temple.
  5401 | Temple   | Entered the Ecumenical Temple
  5468 | Temple   | Became a worshipper of Vehumet
  6229 | D:6      | Reached skill level 7 in Spellcasting
  7375 | D:7      | Reached XP level 9. HP: 22/45 MP: 17/22
  7621 | D:7      | Reached skill level 8 in Spellcasting
  7748 | D:7      | Reached * piety under Vehumet
  7748 | D:7      | Offered knowledge of Magic Dart by Vehumet.
  9019 | D:8      | Noticed a two-headed ogre
  9027 | D:8      | Killed a two-headed ogre
  9028 | D:8      | Reached skill level 9 in Spellcasting
  9028 | D:8      | Reached skill level 5 in Ice Magic
  9511 | D:9      | Identified a scroll of acquirement
  9511 | D:9      | Acquired a staff of conjuration
  9654 | D:9      | Reached XP level 10. HP: 24/50 MP: 4/25
  9764 | D:9      | Learned a level 1 spell: Magic Dart
  9766 | D:9      | Learned a level 1 spell: Slow
  9794 | D:9      | Reached skill level 10 in Spellcasting
 10542 | D:9      | HP: 2/50 [orc warrior (18)]
 10857 | D:9      | Noticed a centaur warrior
 10862 | D:9      | Noticed a cyan ugly thing
 10862 | D:9      | Shot with an arrow by a centaur warrior

Illustrated notes

Levels and vault maps discovered:
D:1:      minmay_arrival_checkered_box, layout_basic, serial_shops,
          nicolae_shop_stone
D:2:      layout_basic, nicolae_ecumenical_snake_handling, uniq_jessica,
          uniq_robin
D:3:      layout_basic, nicolae_dithmenos_shadow_blocks,
          ebering_ghost_reflecting_pool, uniq_grinder
D:4:      layout_cave_pools, serial_forest, infiniplex_forest_clump_C,
          infiniplex_forest_clump_medium, infiniplex_forest_zigzag_1,
          infiniplex_forest_straight_2, infiniplex_forest_lined_corner,
          infiniplex_forest_lined_corner, infiniplex_forest_lined_corner,
          infiniplex_forest_clump_curved, portal_sewer_entry_d,
          minmay_misc_feat_pillars
D:5:      layout_gridville, temple_doors_e, gammafunk_ghost_abyssal_escape
D:6:      layout_basic
D:7:      layout_basic, kennysheep_another_room, kennysheep_small_square
D:8:      layout_loops_ring
D:9:      minmay_the_grid_four_pointed_star
          [minmay_the_grid_triangle_9x9_odd_lines,
          minmay_the_grid_triangle_9x9_dagger,
          minmay_the_grid_triangle_9x9_sparse_checkered,
          minmay_the_grid_triangle_9x9_shrine,
          minmay_the_grid_prize_four_corners], layout_irregular_city,
          david_orc_4
Temple:   regret_index_temple_sigil_plot

Skill      XL: |  1  2  3  4  5  6  7  8  9 10 |
---------------+-------------------------------+-----
Fire Magic     | 4 5 6 7 8 9 |  9.5
Conjurations   | 2 3 4 5 6 8 |  8.9
Spellcasting   | 4 5 6 7 9 10 | 10.4
Ice Magic      | 1 4 6 7 |  7.0
Dodging        | |  2.4
Stealth        | |  2.4

Action                   |  1- 3 |  4- 6 |  7- 9 | 10-12 || total
-------------------------+-------+-------+-------+-------++-------
Melee: Short sword       |       |     2 |     1 |       ||     3
       Staff             |       |       |     7 |     1 ||     8
Throw: Dart              |       |       |     6 |       ||     6
 Cast: Foxfire           |    38 |   105 |    72 |     2 ||   217
       Scorch            |     2 |     2 |    86 |    34 ||   124
       Conjure Flame     |       |     1 |     3 |     3 ||     7
       Hailstorm         |       |       |     2 |       ||     2
       Flame Wave        |       |       |    10 |     7 ||    17
  Use: Scroll            |       |     9 |    11 |     2 ||    22
       Potion            |       |       |     1 |       ||     1
Armor: Robe              |    11 |     4 |    16 |     3 ||    34
Dodge: Dodged            |    28 |    12 |    51 |    13 ||   104

Table legend: (Time is in decaauts)
 A = Elapsed time spent in this place.
 B = Non-inter-level travel time spent in this place.
 C = Inter-level travel time spent in this place.
 D = Time resting spent in this place.
 E = Time spent auto-exploring this place.
 F = Levels seen in this place.
 G = Mean time per level.
                   A        B        C        D        E       F      G
               +--------+--------+--------+--------+--------+-----+--------+
         Total |  10978 |  10768 |    210 |   1763 |   6718 |  11 |  998.0 |
       Dungeon |  10228 |  10018 |    210 |   1763 |   6438 |   9 | 1136.4 |
        Temple |     85 |     85 |      0 |      0 |      0 |   1 |   85.0 |
         Sewer |    663 |    663 |      0 |      0 |    280 |   1 |  663.0 |
               +--------+--------+--------+--------+--------+-----+--------+

Top non-repeatable levels by time:
     D:3: 1520 daAuts
     D:9: 1425 daAuts
     D:7: 1350 daAuts
     D:6: 1299 daAuts
     D:5: 1182 daAuts
     D:8: 1003 daAuts
     D:2: 970 daAuts
     D:4: 763 daAuts
     D:1: 712 daAuts
   Sewer: 663 daAuts
  Temple: 85 daAuts
